 Dungeon Crawl Stone Soup version 0.23.2-40-g277498a001 (webtiles) character file.

Game seed: 9318557335903100403

63 DildoBatman the Conjurer (level 4, -3/30 HPs)
             Began as a Formicid Wizard on Sept 17, 2019.
             Killed from afar by a dart slug (4 damage)
             ... with a slug dart
             ... on level 3 of the Dungeon.
             The game lasted 00:05:23 (2032 turns).

DildoBatman the Conjurer (Formicid Wizard)          Turns: 2032, Time: 00:05:24

Health: -3/30      AC:  3    Str: 12    XL:     4   Next: 31%
Magic:  8/8        EV: 12    Int: 18    God:
Gold:   114        SH:  0    Dex:  9    Spells: 2/9 levels left

rFire    + . .     SeeInvis +   a - +1 short sword (elec)
rCold    + . .     Gourm    .   (no shield)
rNeg     . . .     Faith    .   f - +0 robe
rPois    .         Spirit   .   (helmet unavailable)
rElec    .         Reflect  .   l - scarf {rC+ rF+}
rCorr    .         Harm     .   o - +0 pair of gloves
MR       .....                  (no boots)
Stlth    ++........             (no amulet)
HPRegen  0.10/turn              (no ring)
MPRegen  0.11/turn              (no ring)

@: no status effects
A: permanent stasis, dig shafts and tunnels, four strong arms, antennae 3
a: Dig, Shaft Self


You were on level 3 of the Dungeon.
You were hungry.

You visited 1 branch of the dungeon, and saw 3 of its levels.

You collected 114 gold pieces.

Inventory:

Hand Weapons
 a - a +1 short sword of electrocution (weapon)
 n - a +0 dagger of venom
Missiles
 c - 49 stones (quivered)
 d - 49 poisoned needles
 e - 20 arrows
 j - 40 sling bullets
 p - 8 tomahawks
Armour
 f - a +0 robe (worn)
 l - a scarf of resistance (worn)
 o - a +0 pair of gloves (worn)
 s - a cursed -1 ring mail
Jewellery
 h - an uncursed ring of ice
 q - an uncursed ring of ice
Wands
 t - a wand of iceblast (12)
Scrolls
 b - 3 scrolls of identify {unknown}
 i - a scroll of noise {unknown}
 k - 3 scrolls of blinking {unknown}
 m - 2 scrolls of teleportation {unknown}
 r - 3 scrolls of remove curse {unknown}
Potions
 g - a potion of agility {unknown}
Comestibles
 v - 3 rations


   Skills:
 - Level 1.7 Dodging
 - Level 2.4 Stealth
 - Level 3.2 Spellcasting
 * Level 3.4 Conjurations
   Level 1.0 Summonings
   Level 0.8 Translocations


You had 2 spell levels left.
You knew the following spells:

 Your Spells              Type           Power        Failure   Level  Hunger
a - Conjure Flame         Conj/Fire      #.......     24%         3    ###....
c - Magic Dart            Conj           ###.         3%          1    None
e - Mephitic Cloud        Conj/Pois/Air  #.......     30%         3    ###....

Your spell library contained the following spells:

 Spells                   Type           Power        Failure   Level  Hunger
 Call Imp                 Summ           #.......     16%         2    ##.....
 Slow                     Hex            #.......     24%         2    ##.....
 Blink                    Tloc           Unusable     N/A         2    N/A

Dungeon Overview and Level Annotations

Branches:
Dungeon (3/15)

Altars:
Nemelex Xobeh
Xom

Annotations:
D:1 Natasha


Innate Abilities, Weirdness & Mutations

You cannot be hasted, slowed, berserked, paralysed or teleported.
You can dig through walls and to a lower floor.
Your four strong arms can wield two-handed weapons with a shield.
You have a pair of large antennae on your head. (SInv)


Message History

You shout for attention!
The dart slug launches a dart at you. The slug dart hits you.
What are your orders? t - Shout!
Orders for allies: a - Attack new target. r - Retreat! s - Stop attacking. g - Guard the area. f - Follow me.
Anything else - Cancel.
You shout for attention!
What are your orders? t - Shout!
Orders for allies: a - Attack new target. r - Retreat! s - Stop attacking. g - Guard the area. f - Follow me.
Anything else - Cancel.
You shout for attention!
The dart slug launches a dart at you. The slug dart hits you.
You die...

. ..#+#+#
+### ...!...
...
#.....##.###
#...[......#
#.....@<...#
#....w##.###
..#..!. ...
.......
.#...
.......
.#..##
....... .#
.# .<.>..#
.# # #.##..
>#


You could see a dart slug.

Vanquished Creatures
  An adder (D:2)
  A worm (D:2)
  4 leopard geckos
  6 bats
  A giant cockroach (D:2)
  8 goblins
  4 hobgoblins
  10 kobolds
  A quokka (D:2)
  A ball python (D:2)
  6 frilled lizards
  4 rats
47 creatures vanquished.

Notes
Turn   | Place    | Note
-------+----------+-------------------------------------------
     0 | D:1      | DildoBatman the Formicid Wizard began the quest for the
                  | Orb.
     0 | D:1      | Reached XP level 1. HP: 13/13 MP: 4/4
   131 | D:1      | Reached skill level 1 in Conjurations
   326 | D:1      | Reached XP level 2. HP: 19/19 MP: 3/6
   614 | D:1      | Reached XP level 3. HP: 17/24 MP: 0/7
   619 | D:1      | Learned a level 3 spell: Conjure Flame
   623 | D:1      | Learned a level 3 spell: Mephitic Cloud
  1015 | D:2      | Found a faded altar of an unknown god.
  1166 | D:2      | Found a shimmering altar of Xom.
  1473 | D:2      | Reached XP level 4. HP: 30/30 MP: 3/8
  1568 | D:2      | Noticed Natasha
  1962 | D:2      | Became a worshipper of Nemelex Xobeh the Trickster
  1962 | D:2      | Received a gift from Nemelex Xobeh
  1962 | D:2      | Reached * piety under Nemelex Xobeh
  1962 | D:2      | Received a gift from Nemelex Xobeh
  1999 | D:2      | Fell from the grace of Nemelex Xobeh
  2030 | D:3      | HP: 1/30 [dart slug/slug dart (4)]
  2032 | D:3      | Killed from afar by a dart slug

Skill      XL: |  1  2  3 |
---------------+----------+-----
Conjurations   | 1 2 3 |  3.4
Dodging        | |  1.7
Stealth        | |  2.4
Spellcasting   | |  3.2
Summonings     | |  1.0
Translocations | |  0.8

Action                   |  1- 3 |  4- 6 || total
-------------------------+-------+-------++-------
Melee: Short sword       |    51 |     8 ||    59
       Unarmed           |     4 |       ||     4
 Cast: Magic Dart        |    55 |    14 ||    69
       Mephitic Cloud    |       |     1 ||     1
Invok: Renounce Religion |       |     1 ||     1
 Abil: Draw Destruction  |       |     8 ||     8
       Draw Escape       |       |     3 ||     3
       Draw Summoning    |       |     2 ||     2
       Dig               |       |     1 ||     1
 Stab: Sleeping          |     3 |       ||     3
  Eat: Chunk             |     2 |     1 ||     3
Armor: Robe              |    12 |     2 ||    14
Dodge: Dodged            |    49 |    13 ||    62
